Description

läuft

Replay - 2000_Atmospheres_LE_PvP_Macro_Opener

Build Order

Get SALT Encoding   

  12  0:00  Probe  
  13  0:12  Probe  
  14  0:17  Pylon  
  14  0:24  Probe  
  15  0:36  Probe (Chrono Boost), Gateway  
  16  0:46  Probe x2 (Chrono Boost), Assimilator  
  17  0:54  Assimilator  
  18  1:03  Probe (Chrono Boost)  
  20  1:12  Probe x2 (Chrono Boost)  
  20  1:13  Gateway  
  20  1:25  Cybernetics Core  
  21  1:29  Probe  
  22  1:35  Pylon  
  18  2:01  Sentry, Stalker  
  28  2:10  Warp Gate  
  28  2:11  Pylon  
  28  2:29  Stalker x2  
  33  2:43  Phoenix  
  33  2:45  Nexus  
  33  2:52  Shield Battery  
  33  3:00  Sentry x2  
  33  3:03  Pylon  
  38  3:24  Twilight Council  
  40  3:46  Phoenix  
  41  3:54  Blink (Chrono Boost)  
  42  4:00  Stalker  
  46  4:09  Stalker  
  51  4:21  Pylon  
  53  4:24  Stalker  
  53  4:30  Phoenix  
  57  4:40  Nexus  
  57  4:47  Stalker x2  
  63  5:01  Robotics Facility  
  63  5:02  Phoenix  
  63  5:04  Assimilator  
  63  5:10  Stalker  
  67  5:16  Shield Battery  
  67  5:24  Stalker  
  73  5:39  Forge  
  75  5:43  Gateway x2  
  75  5:50  Observer  
  75  5:53  Gateway  
  76  6:00  Gateway  
  76  6:01  Protoss Ground Weapons Level 1  
  79  6:06  Charge (Chrono Boost)  
  82  6:25  Immortal  
  88  6:29  Gateway x2  
  92  6:46  Zealot x4  
  100  6:52  Templar Archives  
  100  7:03  Warp Prism  
  100  7:07  Zealot x3  
  108  7:28  Zealot x3  
  116  7:35  High Templar x2  
  124  7:39  Archon  
  124  7:43  Nexus  
  124  7:51  High Templar x2  
  126  7:57  Gateway x2  
  132  8:07  Assimilator  
  141  8:15  Archon  
  157  8:44  High Templar x2  
  166  8:50  Archon  
  166  8:55  Photon Cannon x2  
  166  8:56  Shield Battery x2  
  167  9:04  Photon Cannon  
  167  9:08  High Templar x2  
  169  9:14  Archon  
  183  9:29  Photon Cannon, Shield Battery  
Spawning Tool Build Advisor. Get it on Overwolf

Go to:

Details

  • Created by: QuB
  • Published on: Jan 31, 2022
  • Modified on: Jan 31, 2022
  • Patch: 4.11.0
  • Difficulty: Medium
Show
View Real Time Build Order
Export as new Build Order

Comments (0)

There are no comments. Be the first!

Create an account to comment!